Map: 2000 애트모스피어 - 래더

Players

cyan

  • Race: Protoss Protoss
  • League: Grandmaster

DPGRogue (Rogue) - Winner!

  • Race: Zerg Zerg

Event: DreamHack SC2 Masters Last Chance 2022

VOD

Have the link to the VOD?

Description

Time

  • Played on: Dec. 15, 2021, 4:54 a.m.
  • Length: 10:44

All games in this series

Show
View Real Time Build Order
Export as new Build Order

cyan Protoss 

Build Orders: 1 Gate Expand, Oracle Opening 

Get SALT Encoding   

  12  0:00  Probe  
  13  0:12  Probe  
  14  0:19  Pylon  
  14  0:24  Probe  
  15  0:37  Probe (Chrono Boost)  
  15  0:39  Gateway  
  16  0:46  Probe (Chrono Boost)  
  16  0:49  Assimilator  
  17  0:51  Probe (Chrono Boost)  
  18  1:03  Probe  
  19  1:15  Probe  
  20  1:25  Nexus  
  20  1:35  Cybernetics Core  
  20  1:39  Probe  
  21  1:45  Assimilator  
  21  1:51  Probe  
  22  1:55  Pylon  
  22  2:03  Probe (Chrono Boost)  
  23  2:12  Adept  
  23  2:14  Probe (Chrono Boost)  
  26  2:19  Stargate  
  26  2:20  Probe (Chrono Boost)  
  27  2:26  Warp Gate  
  27  2:31  Probe (Chrono Boost)  
  28  2:39  Probe (Chrono Boost)  
  28  2:41  Probe (Chrono Boost)  
  30  2:47  Probe (Chrono Boost)  
  30  2:49  Probe (Chrono Boost)  
  32  2:54  Void Ray (Chrono Boost), Probe  
  32  2:58  Probe  
  34  3:05  Stalker  
  40  3:07  Probe  
  40  3:11  Gateway  
  41  3:13  Probe  
  41  3:18  Pylon  
  43  3:20  Probe  
  43  3:25  Probe  
  44  3:32  Probe  
  45  3:35  Oracle (Chrono Boost)  
  45  3:38  Probe  
  49  3:45  Pylon  
  49  3:46  Probe  
  50  3:54  Probe  
  50  3:55  Nexus  
  51  3:57  Pylon  
  51  3:59  Probe  
  51  4:01  Void Ray (Chrono Boost)  
  56  4:12  Gateway  
  56  4:15  Gateway  
  56  4:19  Twilight Council  
  56  4:21  Probe  
  56  4:23  Probe  
  58  4:26  Assimilator  
  58  4:33  Probe  
  58  4:36  Adept x2  
  58  4:38  Probe  
  64  4:39  Pylon  
  64  4:41  Assimilator  
  64  4:46  Probe  
  64  4:47  Pylon  
  64  4:50  Probe  
  66  4:52  Resonating Glaives (Chrono Boost)  
  66  4:53  Pylon  
  66  4:58  Shield Battery  
  66  5:01  Adept  
  66  5:02  Adept  
  66  5:07  Probe (Chrono Boost)  
  71  5:08  Probe (Chrono Boost)  
  73  5:14  Probe (Chrono Boost)  
  73  5:17  Probe (Chrono Boost)  
  73  5:18  Adept x2, Probe (Chrono Boost)  
  80  5:23  Probe x2 (Chrono Boost)  
  80  5:26  Probe (Chrono Boost)  
  82  5:32  Adept x2  
  82  5:33  Probe  
  82  5:34  Probe  
  88  5:40  Probe  
  89  5:45  Probe  
  89  5:47  Stargate  
  89  5:49  Probe, Stargate  
  87  5:51  Adept  
  87  5:52  Adept  
  87  5:54  Adept  
  87  5:55  Adept  
  87  5:56  Probe  
  96  6:01  Void Ray, Shield Battery  
  96  6:02  Gateway  
  78  6:12  Adept x2  
  78  6:17  Stalker  
  84  6:18  Probe  
  84  6:20  Assimilator  
  84  6:25  Assimilator, Probe x2, Shield Battery  
  86  6:26  Pylon  
  86  6:30  Shield Battery  
  86  6:31  Adept, Protoss Air Weapons Level 1 (Chrono Boost)  
  89  6:34  Adept  
  89  6:38  Adept  
  93  6:45  Shield Battery  
  93  6:50  Shield Battery  
  93  6:52  Stalker  
  93  6:53  Stalker  
  88  7:00  Void Ray (Chrono Boost)  
  85  7:02  Stalker x2  
  85  7:07  Void Ray (Chrono Boost)  
  64  7:22  Adept  
  67  7:23  Adept  
  67  7:28  Adept x2  
  67  7:32  Adept x2  
  67  7:35  Gateway  
  65  7:38  Gateway  
  65  7:41  Gateway  
  65  7:43  Shield Battery  
  63  7:45  Gateway  
  63  7:46  Adept x2  
  63  7:48  Pylon  
  67  7:52  Sentry x2  
  71  8:07  Adept x2  
  67  8:24  Adept x2  
  69  8:28  Pylon  
  69  8:29  Adept x2  
  73  8:37  Adept  
  73  8:38  Adept x2  
  77  8:44  Adept  
  77  8:48  Adept x2  
  83  8:50  Adept x2  
  87  8:58  Stalker  
  89  9:08  Nexus  
  89  9:10  Pylon  
  83  9:28  Probe x2  
  83  9:30  Shield Battery  
  85  9:32  Pylon  
  85  9:34  Void Ray  
  85  9:40  Probe  
  94  9:45  Robotics Facility  
  94  9:48  Probe  
  94  9:50  Adept  
  97  9:54  Adept x2  
  97  9:59  Adept x2  
  93  10:00  Probe  
  88  10:07  Nexus  
  88  10:12  Probe  
  88  10:13  Probe  
  94  10:37  Robotics Bay  
  94  10:38  Robotics Facility  
  94  10:39  Pylon  
Show
View Real Time Build Order
Export as new Build Order

DPGRogue Zerg - Winner!

Build Orders: Hatch First 

Get SALT Encoding   

  12  0:00  Drone  
  13  0:12  Overlord  
  13  0:17  Drone  
  14  0:30  Drone  
  14  0:31  Drone  
  16  0:44  Drone  
  17  0:51  Hatchery  
  17  0:54  Drone  
  17  0:58  Drone  
  18  1:08  Extractor  
  17  1:13  Spawning Pool  
  17  1:16  Drone  
  17  1:20  Drone  
  18  1:28  Drone  
  19  1:38  Drone  
  20  1:49  Overlord  
  20  2:00  Zergling x2  
  21  2:03  Queen x2  
  21  2:04  Zergling x2  
  26  2:12  Drone, Metabolic Boost  
  26  2:14  Drone  
  28  2:24  Drone  
  28  2:27  Drone  
  30  2:33  Drone  
  31  2:38  Drone  
  31  2:43  Hatchery  
  31  2:46  Queen  
  33  2:51  Overlord  
  33  2:54  Drone  
  34  2:58  Drone x2  
  36  3:12  Drone x4  
  40  3:13  Queen  
  40  3:16  Drone x2  
  44  3:20  Overlord  
  44  3:25  Overlord  
  44  3:27  Spore Crawler  
  44  3:29  Drone  
  44  3:38  Drone  
  44  3:39  Drone x2  
  47  3:45  Drone x4  
  51  3:49  Evolution Chamber  
  51  3:50  Queen  
  51  3:52  Spore Crawler  
  51  3:55  Drone x2  
  53  3:59  Drone x2  
  53  4:00  Drone  
  56  4:04  Drone  
  56  4:07  Queen  
  59  4:11  Overlord  
  59  4:14  Drone x2  
  59  4:16  Drone  
  62  4:19  Zerg Melee Weapons Level 1  
  62  4:21  Drone x3  
  65  4:24  Spore Crawler  
  65  4:27  Extractor  
  63  4:36  Drone x8  
  63  4:38  Drone  
  70  4:42  Baneling Nest  
  68  4:49  Queen, Overlord  
  70  4:53  Zergling x8  
  70  4:58  Overlord  
  74  5:02  Hatchery  
  74  5:05  Overlord  
  72  5:07  Queen  
  72  5:11  Zergling x8  
  72  5:12  Zergling x4  
  79  5:18  Queen  
  79  5:20  Zergling x8  
  85  5:25  Zergling x4  
  85  5:26  Zergling x4  
  89  5:31  Queen  
  89  5:34  Zergling x10  
  96  5:39  Overlord  
  96  5:42  Baneling x4  
  93  5:49  Baneling x6  
  92  5:50  Zergling x12  
  97  5:59  Zergling x2  
  97  6:03  Zergling x2  
  97  6:04  Zergling x8  
  97  6:06  Queen x2  
  97  6:11  Zergling x6  
  93  6:16  Zergling x4  
  93  6:17  Zergling x2  
  93  6:19  Baneling  
  93  6:20  Baneling x5  
  93  6:26  Zergling x2  
  93  6:27  Zergling x12  
  100  6:35  Zergling x4  
  100  6:36  Baneling x2  
  100  6:37  Baneling x6  
  100  6:38  Queen  
  104  6:41  Zergling x8  
  104  6:43  Zergling x2  
  104  6:45  Baneling x2  
  109  6:47  Zergling x2  
  103  6:57  Zergling x14  
  103  7:00  Zergling x2  
  106  7:07  Zergling x4  
  102  7:10  Lair  
  102  7:12  Zergling x2  
  98  7:22  Zergling x14  
  103  7:23  Zergling x12  
  103  7:26  Zergling x4  
  103  7:29  Zergling x2  
  109  7:30  Zergling x2  
  106  7:37  Drone x2  
  106  7:38  Drone  
  106  7:40  Extractor, Overlord  
  106  7:41  Extractor, Roach Warren  
  106  7:45  Extractor  
  106  7:46  Zerg Missile Weapons Level 1, Extractor  
  106  7:47  Overlord  
  106  7:49  Overlord  
  103  7:52  Overlord  
  103  7:55  Overlord  
  103  8:03  Drone x10  
  103  8:04  Drone  
  111  8:05  Overlord  
  111  8:09  Drone x3  
  107  8:17  Drone  
  105  8:23  Drone  
  105  8:24  Drone x7  
  105  8:26  Glial Reconstitution  
  108  8:30  Spire  
  108  8:31  Extractor  
  108  8:32  Extractor  
  104  8:35  Zergling x2  
  104  8:36  Overseer, Zergling x14  
  104  8:39  Zergling x2  
  104  8:47  Roach x2  
  104  8:48  Roach x6  
  116  8:49  Roach  
  116  8:52  Roach  
  116  8:53  Roach x2  
  114  8:57  Baneling  
  114  8:58  Baneling x5  
  114  8:59  Zergling x4  
  116  9:04  Zergling x10  
  123  9:10  Zergling x2, Roach x3  
  123  9:13  Zergling x2  
  127  9:20  Zergling x2  
  127  9:21  Zergling x14  
  130  9:29  Zergling x2  
  130  9:30  Zergling x4  
  133  9:34  Overlord  
  133  9:35  Overlord x2  
  133  9:40  Overlord  
  133  9:47  Overlord  
  132  9:54  Overlord  
  132  9:59  Mutalisk  
  124  10:00  Mutalisk x8  
  134  10:08  Mutalisk x4  
  142  10:14  Drone  
  142  10:15  Drone  
  142  10:18  Zergling x2  
  142  10:19  Zergling x4  
  147  10:27  Hatchery  

Tags
 
Add a new tag
Caveats
  • Supply blocks, unpowered buildings, or Contaminate may cause inaccurate times.
  • Supply counts are checked every 10 seconds.